 Dungeon Crawl Stone Soup version 0.30-a0-860-g512cf1e979 (webtiles) character file.

Game seed: 4108122399870902359

18 zenocrate the Insei (level 2, -6/16 (18) HPs)
             Began as an Octopode Transmuter on Mar 7, 2023.
             Killed by a bolt of negative energy (22 damage)
             ... invoked by the anger of Yredelemnul
             ... on level 1 of the Dungeon.
             The game lasted 00:00:43 (660 turns).

zenocrate the Insei (Octopode Transmuter)            Turns: 660, Time: 00:00:43

HP:   -6/16 (18)    AC:  1    Str:  9    XL:     2   Next: 70%
MP:   5/5           EV: 13    Int: 15    God:
Gold: 83            SH:  0    Dex: 12    Spells: 2/5 levels left

rFire   . . .      SeeInvis .      - Unarmed
rCold   . . .      Faith    .    (no shield)
rNeg    . . .      Spirit   .    (helmet restricted)
rPois   .          Reflect  .    (no amulet)
rElec   .          Rampage  .    (no ring)
rCorr   .                        (no ring)
Will    .....                    (no ring)
Stlth   +++                      (no ring)
HPRegen 0.22/turn                (no ring)
MPRegen 0.09/turn                (no ring)
                                 (no ring)
                                 (no ring)

@: heavily drained
A: almost no armour, amphibious, 8 rings, camouflage 1, gelatinous body 1,
(nimble swimmer 1), tentacles
a: no special abilities


You were on level 1 of the Dungeon.
You visited 1 branch of the dungeon, and saw 1 of its levels.

You collected 83 gold pieces.

Inventory:

Scrolls
 b - a scroll of brand weapon {unknown}
 f - a scroll of enchant armour {unknown}
Potions
 a - a potion of lignification
 c - a potion of degeneration {unknown}
 d - a potion of curing {unknown}
 e - a potion of brilliance {unknown}


   Skills:
 - Level 1.0 Fighting
 - Level 2.0 Dodging
 - Level 1.2 Stealth
 + Level 3.4 Unarmed Combat
 - Level 2.0 Spellcasting
 + Level 2.5 Transmutations


You had 2 spell levels left.
You knew the following spells:

 Your Spells              Type           Power      Damage    Failure   Level
a - Beastly Appendage     Tmut           18%        N/A       8%          1
b - Wereblood             Tmut           9%         N/A       12%         2

Your spell library contained the following spells:

 Spells                   Type           Power      Damage    Failure   Level
 Spider Form              Tmut/Pois      5%         N/A       36%         3
 Ice Form                 Ice/Tmut       5%         N/A       78%         4


Dungeon Overview and Level Annotations

Branches:
Dungeon (1/15)

Altars:
Yredelemnul


Innate Abilities, Weirdness & Mutations

You cannot wear most types of armour.
You are amphibious.
You can wear up to eight rings at the same time.
Your skin changes colour to match your surroundings (Stealth+).
Your rubbery body absorbs attacks. (AC +1, EV +1)
((You are camouflaged when in or above water. (Stealth+)))
You have tentacles for arms and can constrict up to eight enemies at once.


Message History

Things that are here:
a +1 dagger of venom; a goblin corpse
Things that are here:
a +0 club; a goblin corpse
Things that are here:
a rat corpse; a hobgoblin corpse A ball python comes into view.
A ball python is nearby!
A ball python is nearby!
A ball python is nearby!
A ball python is nearby!
Casting: Wereblood (safe; 12% risk of failure)
Confirm with . or Enter, or press ? or * to list all spells.
One of your tentacles grows a vicious spike.
Casting: Beastly Appendage (safe; 8% risk of failure)
Confirm with . or Enter, or press ? or * to list all spells.
Your blood is infused with primal strength.
Found 7 gold pieces.
The helpless ball python fails to defend itself.
You tentacle-slap the ball python.
You kill the ball python!
No target in view!
You howl as the wereblood boils in your veins!
Your transformation is almost over.
Your primal bloodlust is almost over.
Your tentacle spike disappears.
Your primal bloodlust has ended.
You now have 61 gold pieces (gained 9).
You now have 68 gold pieces (gained 7).
Key pressed, stopping explore.
No target in view!
Found an escape hatch in the floor.
No target in view!
You open the door.
There is an open door here.
You now have 83 gold pieces (gained 15).
f - a scroll labelled OTHRAY EGOAR Yredelemnul's anger turns toward you for a moment.
The bolt of negative energy hits you!!
You feel drained.
Ouch! That really hurt!
You die...

#...............# #.##.##.##
#...###...###...# #.##......
##### ##### ##.## #.##....##
#...###...###...# #.##.##.##
#)......<.......# #.##.##.##
#...###...###...####.........
##.## ##### #####.......#####
#...###...###...#########
#...........@...####
#...###...###...#..# #####
########'###.# #....##.#
###### #....##.# #.....
#.##.##.# #.##.# #.......#
#.##.# ###...### #.#..# #...#
#.#.##


You could see the anger of Yredelemnul (unaware).

Vanquished Creatures
  4 ball pythons (D:1)
  A bat (D:1)
  An endoplasm (D:1)
  4 hobgoblins (D:1)
  2 jackals (D:1)
  2 goblins (D:1)
  2 rats (D:1)
16 creatures vanquished.

Notes
Turn   | Place    | Note
-------+----------+-------------------------------------------
     0 | D:1      | zenocrate the Octopode Transmuter began the quest for the
                  | Orb.
     0 | D:1      | Reached XP level 1. HP: 13/13 MP: 3/3
   129 | D:1      | Found a faded altar of an unknown god.
   156 | D:1      | Reached skill level 1 in Stealth
   161 | D:1      | Prayed at the altar of an unknown god.
   161 | D:1      | Became a worshipper of Yredelemnul the Dark
   161 | D:1      | Reached * piety under Yredelemnul
   162 | D:1      | Fell from the grace of Yredelemnul
   190 | D:1      | Reached XP level 2. HP: 10/18 MP: 3/5
   289 | D:1      | Learned a level 2 spell: Wereblood
   660 | D:1      | Killed by a bolt of negative energy

Illustrated notes

Levels and vault maps discovered:
D:1:      minmay_arrival_nine_rooms, layout_loops_cross,
          hellmonk_ecumenical_altar_blasted

Skill      XL: |  1 |
---------------+----+-----
Stealth        | 1 |  1.2
Fighting       | |  1.0
Dodging        | |  2.0
Unarmed Combat | |  3.4
Spellcasting   | |  2.0
Transmutations | |  2.5

Action                     || total
---------------------------++-------
  Melee: Unarmed           ||    36
         Constrict         ||     8
         Kick              ||     6
         Tentacles         ||     2
   Cast: Beastly Appendage ||     5
         Wereblood         ||     3
 Invoke: Renounce Religion ||     1
   Stab: Sleeping          ||     3
 Armour: Skin              ||     4
  Dodge: Dodged            ||    24

Table legend: (Time is in decaauts)
 A = Elapsed time spent in this place.
 B = Non-inter-level travel time spent in this place.
 C = Inter-level travel time spent in this place.
 D = Time resting spent in this place.
 E = Time spent auto-exploring this place.
 F = Levels seen in this place.
 G = Mean time per level.
                   A        B        C        D        E       F      G
               +--------+--------+--------+--------+--------+-----+--------+
         Total |    658 |    658 |      0 |      0 |    536 |   1 |  658.0 |
       Dungeon |    658 |    658 |      0 |      0 |    536 |   1 |  658.0 |
               +--------+--------+--------+--------+--------+-----+--------+

Top non-repeatable levels by time:
     D:1: 658 daAuts
